 Dungeon Crawl Stone Soup version 0.21.1-1-g345015f (webtiles) character file.

88 shakethe the Chopper (level 4, 0/35 HPs)
             Began as a Demonspawn Fighter on Feb 17, 2018.
             Succumbed to a worker ant's poison
             ... on level 6 of the Dungeon.
             The game lasted 00:02:56 (1664 turns).

shakethe the Chopper (Demonspawn Fighter)           Turns: 1664, Time: 00:02:56

Health: 0/35       AC:  6    Str: 17    XL:     4   Next: 30%
Magic:  4/4        EV:  7    Int:  8    God:
Gold:   142        SH:  8    Dex: 12    Spells: 3/3 levels left

rFire    . . .     SeeInvis .   i - +2 hand axe (elec)
rCold    . . .     Gourm    .   c - +0 shield
rNeg     . . .     Faith    .   b - +0 scale mail
rPois    .         Spirit   .   (no helmet)
rElec    .         Reflect  .   (no cloak)
rCorr    .         Harm     .   (no gloves)
MR       .....                  (no boots)
Stlth    ..........             (no amulet)
HPRegen  0.11/turn              k - -2 ring of intelligence (curse)
MPRegen  0.09/turn              (no ring)

@: lethally poisoned (0 -> -8)
A: sturdy frame 1
a: no special abilities


You were on level 6 of the Dungeon.
You were not hungry.

You visited 1 branch of the dungeon, and saw 4 of its levels.

You collected 142 gold pieces.

Inventory:

Hand Weapons
 a - a +0 war axe
 i - a +2 hand axe of electrocution (weapon)
   (You found it on level 1 of the Dungeon)
Armour
 b - a +0 scale mail (worn)
 c - a +0 shield (worn)
Jewellery
 k - a cursed -2 ring of intelligence (left hand)
   (You found it on level 2 of the Dungeon)
Scrolls
 e - a scroll of fear {unknown}
 g - 3 scrolls of identify {unknown}
 h - a scroll of enchant weapon {unknown}
 m - a scroll of random uselessness {unknown}
 o - 2 scrolls of immolation {unknown}
Potions
 d - 2 potions of might
 j - a potion of haste
 l - a potion of curing {unknown}
 p - a potion of lignification {unknown}
Books
 n - a book of Minor Magic
   (You found it on level 2 of the Dungeon)
Comestibles
 f - 2 rations


   Skills:
 - Level 3.0 Fighting
 * Level 4.2 Axes
 - Level 2.6 Armour
 - Level 2.6 Shields


You had 3 spell levels left.
You didn't know any spells.

Dungeon Overview and Level Annotations

Branches:
Dungeon (3/15)

Altars:
Elyvilon
The Shining One


Innate Abilities, Weirdness & Mutations

Your movements are slightly less encumbered by armour. (ER -2)


Message History

You hit the rat but do no damage. You block the rat's attack.
Your shield and scale mail prevent you from hitting the rat.
The rat barely misses you.
You closely miss the rat. You block the rat's attack.
You hit the rat. Lightning courses through the rat!
You kill the rat!
No target in view!
No target in view!
No target in view!
No target in view!
No target in view!
No target in view!
No target in view!
An adder comes into view.
The adder hisses angrily.
You see here a rat corpse.
You hit the adder but do no damage. The adder bites you.
The adder bites you but does no damage.
You take 1 damage, and have 34/35 hp.
Your shield and scale mail prevent you from hitting the adder.
The adder bites you but does no damage. The adder bites you.
You are poisoned.
The adder poisons you!
You take 1 damage, and have 33/35 hp.
You hit the adder. Lightning courses through the adder!
You kill the adder!
You feel sick.
No target in view!
No target in view!
No target in view!
No target in view!
No target in view!
You feel sick.
A quokka comes into view.
You feel sick.
You take 2 damage, and have 31/35 hp.
A quokka is nearby!
You closely miss the quokka.
You feel sick. The quokka barely misses you.
You take 1 damage, and have 30/35 hp.
You hit the quokka but do no damage. Lightning courses through the quokka!
You kill the quokka!
No target in view!
No target in view!
No target in view!
No target in view!
p - a golden potion You are feeling hungry.
You feel sick.
No target in view!
No target in view!
Eating a chunk of flesh {@w0}.
You eat the chunk of flesh {@w0}.
You feel sick.
o - 2 scrolls labeled IFAAWE FIORGH You take 1 damage, and have 29/35 hp.
No target in view!
No target in view!
No target in view!
No target in view!
No target in view!
No target in view!
No target in view!
No target in view!
You fall through a shaft for 3 floors!
The shaft crumbles and collapses.
You hear the hiss of flowing sand.
There is an entrance to an ossuary on this level.
Hurry and find it before the portal is buried! 3 orcs, an orc warrior, an orc priest and a quasit come into view.
You feel sick.
The orc warrior shouts!
The orc shouts!
The orc priest shouts!
The orc shouts!
You take 1 damage, and have 28/35 hp.
You feel sick.
You are no longer poisoned.
The orc priest invokes the aid of Beogh against you.
Beogh smites you!
You take 15 damage, and have 14/35 hp.
MASSIVE DAMAGE!!
Something unseen opens the door.
A worker ant comes into view.
The worker ant twitches its antennae in your direction.
The worker ant barely misses you. The worker ant bites you.
* * * LOW HITPOINT WARNING * * *
You are poisoned.
The worker ant poisons you!
You take 6 damage, and have 9/35 hp.
You feel sick. The worker ant barely misses you.
The worker ant closely misses you.
You take 1 damage, and have 8/35 hp.
You feel sick.
The worker ant bites you but does no damage.
The quasit bites you but does no damage.
You block the quasit's attack.
The quasit claws you but does no damage.
You take 1 damage, and have 7/35 hp.
You feel sick. The worker ant bites you.
* * * LOW HITPOINT WARNING * * *
You are more poisoned.
The worker ant poisons you!
You take 6 damage, and have 1/35 hp.
You die...

##...[..#
#o.....#
+o#...##
+o##### ## #.#
#?. ##o# #?..
##..#
#....##++##o..#
#..!..@.a5....#
###############


You could see a worker ant, a quasit and an orc.

Vanquished Creatures
  3 adders
  An ooze (D:2)
  2 dart slugs
  3 leopard geckos (D:2)
  A ball python (D:1)
  3 bats
  2 giant cockroaches
  3 goblins
  8 hobgoblins
  4 jackals (D:2)
  7 kobolds (D:1)
  2 quokkas
  2 frilled lizards
  6 rats
47 creatures vanquished.

Notes
Turn   | Place    | Note
-------+----------+-------------------------------------------
     0 | D:1      | shakethe the Demonspawn Fighter began the quest for the Orb.
     0 | D:1      | Reached XP level 1. HP: 18/18 MP: 1/1
    20 | D:1      | Reached skill level 2 in Axes
   395 | D:1      | Gained mutation: Your movements are slightly less encumbered by armour. (ER -2) [demonic ancestry]
   395 | D:1      | Reached XP level 2. HP: 24/24 MP: 2/2
   659 | D:1      | Reached skill level 3 in Axes
   841 | D:2      | Reached XP level 3. HP: 23/29 MP: 3/3
   854 | D:2      | Found a glowing golden altar of the Shining One.
   861 | D:2      | Found a white marble altar of Elyvilon.
  1018 | D:2      | HP: 7/29 [poisoned by an adder]
  1026 | D:2      | HP: 6/29 [poisoned by an adder]
  1386 | D:2      | Reached XP level 4. HP: 35/35 MP: 4/4
  1454 | D:2      | Reached skill level 4 in Axes
  1643 | D:3      | You fall through a shaft for 3 floors!
  1643 | D:6      | Noticed an orc warrior
  1658 | D:6      | HP: 8/35 [poisoned by a worker ant]
  1662 | D:6      | HP: 1/35 [worker ant (6)]
  1664 | D:6      | Succumbed to a worker ant's poison

Skill      XL: |  1  2  3  4 |
---------------+-------------+-----
Axes           | 2 3 4 |  4.2
Fighting       | |  3.0
Armour         | |  2.6
Shields        | |  2.6

Action                   |  1- 3 |  4- 6 || total
-------------------------+-------+-------++-------
Melee: War axe           |    56 |       ||    56
       Hand axe          |    44 |    24 ||    68
  Eat: Chunk             |     1 |     2 ||     3
Armor: Scale mail        |    38 |    10 ||    48
Dodge: Dodged            |    27 |    12 ||    39
Block: Shield            |    28 |     5 ||    33

Vault maps used:
D:1:      eino_arrival_water_cross
D:2:      grunt_temple_overflow_open, minmay_item_behind_shaft
D:3:      wad_river_or_something, old_standard_altar, kennysheep_another_room,
          uniq_sigmund
D:6:      lightli_temple_of_fire, enter_ossuary_1, kennysheep_generic_room_3

Table legend:
 A = Turns spent in this place as a percentage of turns spent in the entire game.
 B = Non-inter-level travel turns spent in this place as a percentage of non-inter-level travel turns spent in the entire game.
 C = Inter-level travel turns spent in this place as a percentage of turns spent in this place.
 D = Turns resting spent in this place as a percentage of non-inter-level travel turns spent in this place.
 E = Turns spent auto-exploring this place as a percentage of non-inter-level travel turns spent in this place.
 F = Non-inter-level travel turns spent in this place divided by the number of levels of this place that you've seen.
                   A       B       C       D       E      F
               +-------+-------+-------+-------+-------+----------------------
         Total | 100.0 | 100.0 |   3.5 |  24.4 |  52.3 | 401.2
       Dungeon | 100.0 | 100.0 |   3.5 |  24.4 |  52.3 | 401.2
               +-------+-------+-------+-------+-------+----------------------

Table legend:
 A = Kills in this place as a percentage of kills in entire the game.
 B = Kills by you in this place as a percentage of kills by you in the entire game.
 C = Kills by friends in this place as a percentage of kills by friends in the entire game.
 D = Other kills in this place as a percentage of other kills in the entire game.
 E = Experience gained in this place as a percentage of experience gained in the entire game.
 F = Experience gained in this place divided by the number of levels of this place that you have seen.
                   A       B       C       D       E      F
               +-------+-------+-------+-------+-------+----------------------
         Total | 100.0 | 100.0 |   N/A |   N/A | 100.0 |  31.8
       Dungeon | 100.0 | 100.0 |   N/A |   N/A | 100.0 |  31.8
               +-------+-------+-------+-------+-------+----------------------
